| TOP OF THE 1ST |
|
Winter Haven Sun Sox batting - Pitching for Daytona Beach Islanders : RHP Michael Moore
|
|
Pitching: RHP Michael Moore
|
|
|
Batting: LHB Don Carter
|
0-0: Foul Ball, location: 2F 0-1: Ball 1-1: Ball 2-1: Ball 3-1: Base on Balls
|
|
Batting: RHB Augie Schmidt
|
0-0: Fielders Choice at 2nd, 4-6 (Groundball, 4M, EV 92.5 MPH)
|
|
Batting: RHB Sam Sorce
|
0-0: Called Strike 0-1: Ball 1-1: Foul Ball, location: 2F 1-2: Grounds into double play, 4-6-3 (Groundball, 4, EV 83.8 MPH)
|
| Top of the 1st over - 0 runs, 0 hits, 0 errors, 0 left on base; Winter Haven 0 - Daytona Beach 0 |
| BOTTOM OF THE 1ST |
|
Daytona Beach Islanders batting - Pitching for Winter Haven Sun Sox : RHP Rafael Pimentel
|
|
Pitching: RHP Rafael Pimentel
|
|
|
Batting: SHB Michael Frierson
|
0-0: Bunt missed! 0-1: Foul Ball, location: 2F 0-2: Foul Ball, location: 2F 0-2: Ball 1-2: Ball 2-2: Foul Ball, location: 2F 2-2: Ball 3-2: Ground out 4-3 (Groundball, 4, EV 93.1 MPH)
|
|
Batting: RHB Kalvin Adams
|
0-0: Called Strike 0-1: Foul Ball, location: 2F 0-2: Ball 1-2: Ball 2-2: Foul Ball, location: 2F 2-2: Foul Ball, location: 2F 2-2: Ball 3-2: Base on Balls
|
|
Batting: SHB Randle Granger
|
0-0: Ball 1-0: Foul Ball, location: 2F 1-1: Foul Ball, location: 2F 1-2: SINGLE (Line Drive, 78S, EV 100.0 MPH) Kalvin Adams to second
|
|
Batting: RHB Steven Houlberg
|
0-0: Ball 1-0: Ball 2-0: Ball 3-0: Called Strike 3-1: Fly out, F8 (Flyball, 8RM, EV 91.9 MPH)
|
|
Batting: RHB Columbus Duncan
|
0-0: Ball 1-0: Called Strike 1-1: Ball 2-1: Fly out, F7 (Flyball, 7LD, EV 88.8 MPH)
|
| Bottom of the 1st over - 0 runs, 1 hit, 0 errors, 2 left on base; Winter Haven 0 - Daytona Beach 0 |
| TOP OF THE 2ND |
|
Winter Haven Sun Sox batting - Pitching for Daytona Beach Islanders : RHP Michael Moore
|
|
Batting: LHB John Heller
|
0-0: Called Strike 0-1: Ball 1-1: Swinging Strike 1-2: Strikes out looking
|
|
Batting: RHB Takashi Upshur
|
0-0: Called Strike 0-1: Ball 1-1: Ball 2-1: Foul Ball, location: 2F 2-2: Ball 3-2: Base on Balls
|
|
Batting: RHB Stephen Rhodes
|
0-0: Ball 1-0: Fly out, F9 (Flyball, 89S, EV 91.9 MPH)
|
|
Batting: RHB Domingo Ramos
|
0-0: Ball 1-0: Foul Ball, location: 2F 1-1: Foul Ball, location: 2F 1-2: Fielders Choice at 2nd, 5-4 (Groundball, 56, EV 93.1 MPH)
|
| Top of the 2nd over - 0 runs, 0 hits, 0 errors, 1 left on base; Winter Haven 0 - Daytona Beach 0 |
| BOTTOM OF THE 2ND |
|
Daytona Beach Islanders batting - Pitching for Winter Haven Sun Sox : RHP Rafael Pimentel
|
|
Batting: RHB Michael Lavery
|
0-0: Foul Ball, location: 2F 0-1: Called Strike 0-2: Ball 1-2: Ball 2-2: Strikes out looking
|
|
Batting: RHB Francisco Gonzalez
|
0-0: Called Strike 0-1: Foul Ball, location: 2F 0-2: Foul Ball, location: 2F 0-2: Ball 1-2: Fly out, F8 (Flyball, 8RM, EV 98.1 MPH)
|
|
Batting: RHB Jeffrey Coker
|
0-0: Ball 1-0: Called Strike 1-1: Ball 2-1: SINGLE (Groundball, 34D, EV 97.5 MPH)
|
|
Batting: RHB Robert Whitfield
|
0-0: Foul Ball, location: 2F 0-1: Ball 1-1: Ball 2-1: SINGLE (Line Drive, 56D, EV 97.5 MPH) Jeffrey Coker to second
|
|
Batting: SHB Michael Frierson
|
0-0: Ball 1-0: Ball 2-0: Fly out, F8 (Line Drive, 8RD, EV 90.6 MPH)
|
| Bottom of the 2nd over - 0 runs, 2 hits, 0 errors, 2 left on base; Winter Haven 0 - Daytona Beach 0 |
| TOP OF THE 3RD |
|
Winter Haven Sun Sox batting - Pitching for Daytona Beach Islanders : RHP Michael Moore
|
|
Batting: RHB Jose Marcano
|
0-0: Called Strike 0-1: Foul Ball, location: 2F 0-2: Ball 1-2: Ball 2-2: Ball 3-2: Foul Ball, location: 2F 3-2: Base on Balls
|
|
Batting: RHB Tony Flores
|
0-0: Ball 1-0: SINGLE (Groundball, 34S, EV 90.6 MPH) (infield hit) Jose Marcano to second
|
|
Batting: LHB Don Carter
|
0-0: Ball 1-0: Ball 2-0: Ball 3-0: Base on Balls Jose Marcano to third Tony Flores to second
|
|
Batting: RHB Augie Schmidt
|
0-0: Fly out, F9 (Flyball, 9, EV 93.8 MPH) Runner from 3rd tags up, SCORES, throw by RF Tony Flores to third
|
|
Batting: RHB Sam Sorce
|
0-0: Ball 1-0: Ball 2-0: Swinging Strike 2-1: DOUBLE (Line Drive, 9LM, EV 86.9 MPH) Tony Flores scores Don Carter to third Runner from 3rd tries for Home, SAFE, no throw by RF
|
|
Batting: LHB John Heller
|
0-0: Called Strike 0-1: Ball 1-1: Ground out 5-3 (Groundball, 5, EV 90.0 MPH)
|
|
Batting: RHB Takashi Upshur
|
0-0: Called Strike 0-1: Ground out 1-3 (Groundball, 15S, EV 63.8 MPH)
|
| Top of the 3rd over - 3 runs, 2 hits, 0 errors, 1 left on base; Winter Haven 3 - Daytona Beach 0 |
| BOTTOM OF THE 3RD |
|
Daytona Beach Islanders batting - Pitching for Winter Haven Sun Sox : RHP Rafael Pimentel
|
|
Batting: RHB Kalvin Adams
|
0-0: Ball 1-0: Fly out, F7 (Flyball, 7, EV 85.6 MPH)
|
|
Batting: SHB Randle Granger
|
0-0: Ball 1-0: Fly out, F7 (Flyball, 7, EV 88.8 MPH)
|
|
Batting: RHB Steven Houlberg
|
0-0: Called Strike 0-1: Swinging Strike 0-2: Ball 1-2: Strikes out swinging
|
| Bottom of the 3rd over - 0 runs, 0 hits, 0 errors, 0 left on base; Winter Haven 3 - Daytona Beach 0 |
| TOP OF THE 4TH |
|
Winter Haven Sun Sox batting - Pitching for Daytona Beach Islanders : RHP Michael Moore
|
|
Batting: RHB Stephen Rhodes
|
0-0: Called Strike 0-1: Ball 1-1: Foul Ball, location: 2F 1-2: Foul Ball, location: 2F 1-2: Strikes out swinging
|
|
Batting: RHB Domingo Ramos
|
0-0: Called Strike 0-1: Ball 1-1: Fly out, F7 (Line Drive, 7D, EV 97.5 MPH)
|
|
Batting: RHB Jose Marcano
|
0-0: Ground out 5-3 (Groundball, 56S, EV 76.3 MPH)
|
| Top of the 4th over - 0 runs, 0 hits, 0 errors, 0 left on base; Winter Haven 3 - Daytona Beach 0 |
| BOTTOM OF THE 4TH |
|
Daytona Beach Islanders batting - Pitching for Winter Haven Sun Sox : RHP Rafael Pimentel
|
|
Batting: RHB Columbus Duncan
|
0-0: Fly out, F8 (Flyball, 78D, EV 80.6 MPH)
|
|
Batting: RHB Michael Lavery
|
0-0: Ball 1-0: Ball 2-0: Called Strike 2-1: Foul Ball, location: 2F 2-2: Foul Ball, location: 2F 2-2: Foul Ball, location: 2F 2-2: Single, Error in OF, E8, batter to second base (Groundball, 6MD, EV 95.6 MPH)
|
|
Batting: RHB Francisco Gonzalez
|
0-0: Ball 1-0: Called Strike 1-1: Ground out 5-3 (Groundball, 5, EV 85.0 MPH)
|
|
Batting: RHB Jeffrey Coker
|
0-0: Ground out 4-3 (Groundball, 34, EV 102.5 MPH)
|
| Bottom of the 4th over - 0 runs, 1 hit, 1 error, 1 left on base; Winter Haven 3 - Daytona Beach 0 |
| TOP OF THE 5TH |
|
Winter Haven Sun Sox batting - Pitching for Daytona Beach Islanders : RHP Michael Moore
|
|
Batting: RHB Tony Flores
|
0-0: Called Strike 0-1: Called Strike 0-2: Ball 1-2: Ball 2-2: Ground out 6-3 (Groundball, 6, EV 91.3 MPH)
|
|
Batting: LHB Don Carter
|
0-0: Ball 1-0: Ground out 4-3 (Groundball, 4, EV 82.5 MPH)
|
|
Batting: RHB Augie Schmidt
|
0-0: Ball 1-0: Ball 2-0: Called Strike 2-1: Swinging Strike 2-2: Foul Ball, location: 2F 2-2: Foul Ball, location: 2F 2-2: Foul Ball, location: 2F 2-2: Strikes out swinging
|
| Top of the 5th over - 0 runs, 0 hits, 0 errors, 0 left on base; Winter Haven 3 - Daytona Beach 0 |
| BOTTOM OF THE 5TH |
|
Daytona Beach Islanders batting - Pitching for Winter Haven Sun Sox : RHP Rafael Pimentel
|
|
Batting: RHB Robert Whitfield
|
0-0: Ball 1-0: Foul Ball, location: 2F 1-1: Ball 2-1: Ground out 6-3 (Groundball, 6, EV 90.6 MPH)
|
|
Batting: SHB Michael Frierson
|
0-0: Ball 1-0: Ball 2-0: Ball 3-0: Base on Balls
|
|
Batting: RHB Kalvin Adams
|
0-0: Ball Michael Frierson steals 2nd base (no throw) 1-0: Ball 2-0: Called Strike 2-1: Ball Michael Frierson steals 3rd base 3-1: Fly out, F6 (Popup, 4M, EV 58.1 MPH)
|
|
Batting: SHB Randle Granger
|
0-0: Fly out, F8 (Flyball, 78M, EV 87.5 MPH)
|
| Bottom of the 5th over - 0 runs, 0 hits, 0 errors, 1 left on base; Winter Haven 3 - Daytona Beach 0 |
| TOP OF THE 6TH |
|
Winter Haven Sun Sox batting - Pitching for Daytona Beach Islanders : RHP Michael Moore
|
|
Batting: RHB Sam Sorce
|
0-0: Ball 1-0: Fly out, F6 (Line Drive, 6, EV 75.0 MPH)
|
|
Batting: LHB John Heller
|
0-0: Ball 1-0: Swinging Strike 1-1: Fly out, F9 (Line Drive, 9, EV 94.4 MPH)
|
|
Batting: RHB Takashi Upshur
|
0-0: Ball 1-0: Fly out, F4 (Line Drive, 4, EV 68.8 MPH)
|
| Top of the 6th over - 0 runs, 0 hits, 0 errors, 0 left on base; Winter Haven 3 - Daytona Beach 0 |
| BOTTOM OF THE 6TH |
|
Daytona Beach Islanders batting - Pitching for Winter Haven Sun Sox : RHP Rafael Pimentel
|
|
Batting: RHB Steven Houlberg
|
0-0: SOLO HOME RUN (Flyball, 7D, EV 90.0 MPH), Distance : 381 ft
|
|
Batting: RHB Columbus Duncan
|
0-0: Fly out, F6 (Line Drive, 6, EV 64.4 MPH)
|
|
Batting: RHB Michael Lavery
|
0-0: Ball 1-0: Called Strike 1-1: Fly out, F2 (Popup, 3SF, EV 79.4 MPH)
|
|
Batting: RHB Francisco Gonzalez
|
0-0: Foul Ball, location: 2F 0-1: Foul Ball, location: 2F 0-2: Foul Ball, location: 2F 0-2: Foul Ball, location: 2F 0-2: Foul Ball, location: 2F 0-2: Ground out 4-3 (Groundball, 4, EV 85.0 MPH)
|
| Bottom of the 6th over - 1 run, 1 hit, 0 errors, 0 left on base; Winter Haven 3 - Daytona Beach 1 |
| TOP OF THE 7TH |
|
Winter Haven Sun Sox batting - Pitching for Daytona Beach Islanders : RHP Michael Moore
|
|
Batting: RHB Stephen Rhodes
|
0-0: Ball 1-0: Ball 2-0: TRIPLE (Flyball, 7D, EV 100.6 MPH)
|
|
Batting: RHB Domingo Ramos
|
0-0: Called Strike 0-1: Ball 1-1: Foul Ball, location: 2F 1-2: Ball 2-2: Ball 3-2: Foul Ball, location: 2F 3-2: Foul Ball, location: 2F 3-2: Foul Ball, location: 2F 3-2: Fly out, F7 (Flyball, 7, EV 88.1 MPH) Runner from 3rd tags up, SCORES, no throw by LF
|
|
Batting: RHB Jose Marcano
|
0-0: Called Strike 0-1: Ball 1-1: Foul Ball, location: 2F 1-2: Ground out U3 (Groundball, 34, EV 87.5 MPH)
|
|
Batting: RHB Tony Flores
|
0-0: Ball 1-0: Ground out 5-3 (Groundball, 5L, EV 105.6 MPH)
|
| Top of the 7th over - 1 run, 1 hit, 0 errors, 0 left on base; Winter Haven 4 - Daytona Beach 1 |
| BOTTOM OF THE 7TH |
|
Daytona Beach Islanders batting - Pitching for Winter Haven Sun Sox : RHP Rafael Pimentel
|
|
Batting: RHB Jeffrey Coker
|
0-0: Called Strike 0-1: Called Strike 0-2: Foul Ball, location: 2F 0-2: Ball 1-2: Foul Ball, location: 2F 1-2: Fly out, F9 (Flyball, 9D, EV 89.4 MPH)
|
|
Batting: RHB Robert Whitfield
|
0-0: Fly out, F4 (Line Drive, 4, EV 64.4 MPH)
|
|
Batting: SHB Michael Frierson
|
0-0: Ball 1-0: Called Strike 1-1: Ball 2-1: Ball 3-1: Foul Ball, location: 2F 3-2: Base on Balls
|
|
Batting: RHB Kalvin Adams
|
0-0: Ball Michael Frierson steals 2nd base 1-0: Foul Ball, location: 2F 1-1: Ball 2-1: Ball 3-1: Foul Ball, location: 2F 3-2: Reached via error on a dropped throw from 2B, E3 (Groundball, 4, EV 105.0 MPH) Michael Frierson to third
|
|
Batting: SHB Randle Granger
|
0-0: Ball 1-0: Ball 2-0: Swinging Strike 2-1: Ball 3-1: Called Strike 3-2: Foul Ball, location: 2F 3-2: Foul Ball, location: 2F 3-2: Foul Ball, location: 2F 3-2: Base on Balls Kalvin Adams to second
|
|
Batting: RHB Steven Houlberg
|
0-0: Ball 1-0: Called Strike 1-1: Foul Ball, location: 2F 1-2: Foul Ball, location: 2F 1-2: Ball 2-2: Foul Ball, location: 2F 2-2: Fly out, F7 (Flyball, 7, EV 90.6 MPH)
|
| Bottom of the 7th over - 0 runs, 0 hits, 1 error, 3 left on base; Winter Haven 4 - Daytona Beach 1 |
| TOP OF THE 8TH |
|
Winter Haven Sun Sox batting - Pitching for Daytona Beach Islanders : RHP Michael Moore
|
|
Batting: LHB Don Carter
|
0-0: Ground out 4-3 (Groundball, 4, EV 82.5 MPH)
|
|
Batting: RHB Augie Schmidt
|
0-0: Foul Ball, location: 2F 0-1: Foul Ball, location: 2F 0-2: Ball 1-2: Fly out, F8 (Flyball, 8LM, EV 76.3 MPH)
|
|
Batting: RHB Sam Sorce
|
0-0: Called Strike 0-1: Ball 1-1: Ball 2-1: Swinging Strike 2-2: DOUBLE (Line Drive, 9LM, EV 99.4 MPH)
|
|
Batting: LHB John Heller
|
0-0: Ball Wild Pitch! Sam Sorce to third 1-0: Called Strike 1-1: Ball 2-1: Ball 3-1: Base on Balls
|
|
Batting: RHB Takashi Upshur
|
0-0: Swinging Strike Passed Ball! Sam Sorce scores John Heller to second 0-1: Foul Ball, location: 2F 0-2: Foul Ball, location: 2F 0-2: Ball 1-2: Foul Ball, location: 2F 1-2: Foul Ball, location: 2F 1-2: Ball 2-2: Ball 3-2: Base on Balls
|
|
Pitching: RHP Michael Rostas
|
|
|
Batting: RHB Stephen Rhodes
|
0-0: Called Strike 0-1: Foul Ball, location: 2F 0-2: Ball 1-2: Ball 2-2: Ball 3-2: Fly out, F8 (Flyball, 8RD, EV 86.3 MPH)
|
| Top of the 8th over - 1 run, 1 hit, 0 errors, 2 left on base; Winter Haven 5 - Daytona Beach 1 |
| BOTTOM OF THE 8TH |
|
Daytona Beach Islanders batting - Pitching for Winter Haven Sun Sox : RHP Rafael Pimentel
|
|
Batting: RHB Columbus Duncan
|
0-0: Called Strike 0-1: Ball 1-1: Foul Ball, location: 2F 1-2: Foul Ball, location: 2F 1-2: Ball 2-2: Ball 3-2: Strikes out swinging
|
|
Pitching: RHP Robert Oravec
|
|
|
Batting: RHB Michael Lavery
|
0-0: SINGLE (Line Drive, 8LS, EV 93.1 MPH)
|
|
Batting: RHB Francisco Gonzalez
|
0-0: Reached on error, E5 (Groundball, 56, EV 88.8 MPH) Michael Lavery to second
|
|
Batting: RHB Jeffrey Coker
|
0-0: Called Strike 0-1: 3-RUN HOME RUN (Flyball, 78XD, EV 94.4 MPH), Distance : 419 ft
|
|
Pitching: RHP Dave Steffen
|
|
|
Batting: RHB Robert Whitfield
|
0-0: Ball 1-0: Ground out 1-3 (Groundball, 34S, EV 60.6 MPH)
|
|
Batting: SHB Michael Frierson
|
0-0: Called Strike 0-1: Ball 1-1: Fly out, F7 (Flyball, 7, EV 74.4 MPH)
|
| Bottom of the 8th over - 3 runs, 2 hits, 1 error, 0 left on base; Winter Haven 5 - Daytona Beach 4 |
| TOP OF THE 9TH |
|
Winter Haven Sun Sox batting - Pitching for Daytona Beach Islanders : RHP Michael Rostas
|
|
Pitching: LHP Richard Ford
|
|
|
Batting: RHB Domingo Ramos
|
0-0: Called Strike 0-1: Ball 1-1: Ball 2-1: Foul Ball, location: 2F 2-2: Ball 3-2: Foul Ball, location: 2F 3-2: Base on Balls
|
|
Batting: RHB Jose Marcano
|
0-0: Bunt missed! 0-1: Bunted foul 0-2: Ball 1-2: Ball 2-2: Foul Ball, location: 2F 2-2: Ball 3-2: Foul Ball, location: 2F 3-2: Ground out 5-3 (Groundball, 5S, EV 85.0 MPH) Domingo Ramos to second
|
|
Batting: RHB Tony Flores
|
0-0: Ball 1-0: Swinging Strike 1-1: Ground out 5-3 (Groundball, 56, EV 83.1 MPH)
|
|
Batting: LHB Don Carter
|
0-0: Ball 1-0: Ground out 2-3 (Groundball, 15S, EV 71.3 MPH)
|
| Top of the 9th over - 0 runs, 0 hits, 0 errors, 1 left on base; Winter Haven 5 - Daytona Beach 4 |
| BOTTOM OF THE 9TH |
|
Daytona Beach Islanders batting - Pitching for Winter Haven Sun Sox : RHP Dave Steffen
|
|
Pitching: RHP Brian Monahan
|
|
|
Now at 1B: Charles Melito
|
|
|
Now at 2B: Bob Nandin
|
|
|
Batting: RHB Kalvin Adams
|
0-0: Fly out, F7 (Flyball, 78D, EV 88.8 MPH)
|
|
Batting: SHB Randle Granger
|
0-0: Foul Ball, location: 2F 0-1: Ground out U3 (Groundball, 3L, EV 110.6 MPH)
|
|
Batting: RHB Steven Houlberg
|
0-0: Ball 1-0: Ball 2-0: Called Strike 2-1: Foul Ball, location: 2F 2-2: Strikes out swinging
|
| Bottom of the 9th over - 0 runs, 0 hits, 0 errors, 0 left on base; Winter Haven 5 - Daytona Beach 4 |
|